 Dungeon Crawl Stone Soup version 0.28-a0-664-gc179e30c89 (webtiles) character file.

Game seed: 13683798116155387905

30 bande the Shield-Bearer (level 3, 0/24 HPs)
             Began as a Gargoyle Fighter on Oct 17, 2021.
             Slain by Sigmund (10 damage)
             ... on level 2 of the Dungeon.
             The game lasted 00:02:06 (1140 turns).

bande the Shield-Bearer (Gargoyle Fighter)          Turns: 1140, Time: 00:02:07

Health: 0/24       AC: 10    Str: 20    XL:     3   Next: 20%
Magic:  3/3        EV:  9    Int:  8    God:
Gold:   54         SH:  4    Dex:  9    Spells: 2/2 levels left

rFire   . . .      SeeInvis .   a - +0 war axe
rCold   . . .      Faith    .   c - +0 buckler
rNeg    + . .      Spirit   .   b - +0 scale mail
rPois   ∞          Reflect  .   (no helmet)
rElec   +          Harm     .   (no cloak)
rCorr   .          Rampage  .   (no gloves)
Will    .....                   (no boots)
Stlth   ..........              (no amulet)
HPRegen 0.08/turn               (no ring)
MPRegen 0.08/turn               (no ring)

@: mighty
A: sickness immunity, AC +3, negative energy resistance 1, electricity
resistance, torment resistance 1, petrification resistance
a: no special abilities


You were on level 2 of the Dungeon.
You visited 1 branch of the dungeon, and saw 2 of its levels.

You collected 54 gold pieces.

Inventory:

Hand Weapons
 a - a +0 war axe (weapon)
Armour
 b - a +0 scale mail (worn)
 c - a +0 buckler (worn)
Scrolls
 f - 2 scrolls of identify
 i - a scroll of magic mapping {unknown}


   Skills:
 + Level 3.6 Fighting
 + Level 2.2 Axes
 + Level 3.5 Armour
 + Level 3.7 Shields


You had 2 spell levels left.
You didn't know any spells.
Your spell library contained the following spells:

 Spells                   Type           Power      Damage    Failure   Level
 Slow                     Hex            0%         N/A       88%         2
 Confusing Touch          Hex            0%         N/A       98%         3
 Vampiric Draining        Necr           0%         2d6       98%         3


Dungeon Overview and Level Annotations

Branches:
Dungeon (2/15)

Altars:
Zin

Annotations:
D:2 Sigmund


Innate Abilities, Weirdness & Mutations

You are immune to sickness and miasma.
Your stone body is resilient. (AC +3)
You are immune to poison.
You resist negative energy. (rN+)
You are resistant to electric shocks. (rElec)
You are resistant to unholy torment.
You are immune to petrification.


Message History

Sigmund shouts!
Sigmund says, "Look into my eyes."
You barely miss the adder. The adder barely misses you.
Sigmund is suddenly surrounded by pale red light.
You block the adder's attack.
You miss the adder. You block the adder's attack. The adder barely misses you.
Your scale mail prevents you from hitting the adder.
The adder bites you. You block the adder's attack.
Sigmund hits you from afar with a +0 scythe!
You are too injured to fight recklessly!
You are too injured to fight recklessly!
You are too injured to fight recklessly!
You are too injured to fight recklessly!
You feel very mighty all of a sudden.
A rat comes into view.
The adder barely misses you.
A kobold comes into view. It is wielding a +0 short sword.
Found a scroll labelled ZUOCEH ASUNI.
Sigmund hits you but does no damage.
You barely miss Sigmund. You barely miss the adder.
The adder closely misses you. You block the adder's attack.
Sigmund casts a spell at you.
You are confused.
Unknown command.
You closely miss Sigmund. You miss the adder.
The adder bites you but does no damage. Sigmund closely misses you.
The adder bites you but does no damage.
Unknown command.
You're too confused to move!
The adder closely misses you.
Sigmund points at you and mumbles some strange words.
The magic dart hits you but does no damage.
The kobold closely misses you. The adder bites you.
Sigmund hits you but does no damage.
Unknown command.
You're too confused to move!
The adder barely misses you. The kobold hits you but does no damage.
The adder barely misses you.
Unknown command.
You bump into the rock wall.
You feel less confused.
Sigmund hits you from afar with a +0 scythe!
You die...

# # #.# #.# #.#
# #.# .#
#.####..#
#.#....# ##...#
#...##
..#.##@..#
.......SK@#
.##..##..r......
#. #...##.....
.. ...#.# .##..
#. ...>... # . .
###..#.> #..?..#
.. ...#


You could see Sigmund, an adder, a kobold and a rat.

Vanquished Creatures
  A dart slug (D:1)
  2 ball pythons (D:1)
  4 bats (D:1)
  An endoplasm (D:1)
  A giant cockroach (D:1)
  2 goblins (D:1)
  A hobgoblin (D:1)
  2 jackals (D:1)
  2 kobolds (D:1)
  A quokka (D:1)
  5 frilled lizards
  5 rats
27 creatures vanquished.

Vanquished Creatures (others)
  2 plants (D:1)
2 creatures vanquished.

Grand Total: 29 creatures vanquished

Notes
Turn   | Place    | Note
-------+----------+-------------------------------------------
     0 | D:1      | bande the Gargoyle Fighter began the quest for the Orb.
     0 | D:1      | Reached XP level 1. HP: 14/14 MP: 1/1
    88 | D:1      | Reached XP level 2. HP: 19/19 MP: 2/2
   822 | D:1      | Reached XP level 3. HP: 22/23 MP: 3/3
  1088 | D:2      | Found a glowing silver altar of Zin.
  1129 | D:2      | Noticed Sigmund
  1140 | D:2      | Slain by Sigmund

Illustrated notes

Levels and vault maps discovered:
D:1:      dpeg_arrival_arbitrary_b, layout_basic, serial_bayou_lagoon_b
D:2:      layout_rooms, basic_altar, uniq_sigmund

Skill      XL: |  1  2 |
---------------+-------+-----
Axes           | 2 |  2.2
Fighting       | |  3.6
Armour         | |  3.5
Shields        | |  3.7

Action                   || total
-------------------------++-------
Melee: War axe           ||    83
  Use: Scroll            ||     3
       Potion            ||     1
Armor: Scale mail        ||    45
Dodge: Dodged            ||    46
Block: Buckler           ||    26

Table legend: (Time is in decaauts)
 A = Elapsed time spent in this place.
 B = Non-inter-level travel time spent in this place.
 C = Inter-level travel time spent in this place.
 D = Time resting spent in this place.
 E = Time spent auto-exploring this place.
 F = Levels seen in this place.
 G = Mean time per level.
                   A        B        C        D        E       F      G
               +--------+--------+--------+--------+--------+-----+--------+
         Total |   1196 |   1196 |      0 |      9 |    913 |   2 |  598.0 |
       Dungeon |   1196 |   1196 |      0 |      9 |    913 |   2 |  598.0 |
               +--------+--------+--------+--------+--------+-----+--------+

Top non-repeatable levels by time:
     D:1: 1138 daAuts
     D:2: 57 daAuts
